 Dungeon Crawl Stone Soup version 0.30-a0-354-g6b83867211 (webtiles) character file.

Game seed: 17733264314924229960

211 KennySheep the Shield-Bearer (level 6, -7/48 HPs)
             Began as a Formicid Fighter on Nov 7, 2022.
             Was an Initiate of Hepliaklqana.
             Mangled by a gnoll
             ... wielding a +0 halberd
              (12 damage)
             ... on level 4 of the Dungeon on Nov 8, 2022.
             The game lasted 00:07:35 (2402 turns).

KennySheep the Shield-Bearer (Formicid Fighter)     Turns: 2402, Time: 00:07:35

Health: -7/48      AC:  7    Str: 22    XL:     6   Next: 13%
Magic:  0/6        EV: 13    Int:  8    God:    Hepliaklqana [......]
Gold:   244        SH:  5    Dex: 13    Spells: 5/5 levels left

rFire   . . .      SeeInvis +    a - +0 war axe
rCold   . . .      Faith    .    c - +0 buckler
rNeg    . . .      Spirit   +    b - +0 scale mail
rPois   .          Reflect  .    (helmet unavailable)
rElec   .          Harm     .    (no cloak)
rCorr   .          Rampage  .    (no gloves)
Will    .....                    (no boots)
Stlth   ..........               h - amulet of guardian spirit
HPRegen 0.28/turn                k - +4 ring of evasion
MPRegen 0.10/turn                (no ring)

@: mighty
A: permanent stasis, dig shafts and tunnels, antennae 3, four strong arms
a: Dig, Shaft Self, Renounce Religion


You were on level 4 of the Dungeon.
You worshipped Hepliaklqana.
Hepliaklqana was noncommittal.
You visited 1 branch of the dungeon, and saw 4 of its levels.

You collected 244 gold pieces.

Inventory:

Hand Weapons
 a - a +0 war axe (weapon)
 o - a +0 arbalest
Armour
 b - a +0 scale mail (worn)
 c - a +0 buckler (worn)
Jewellery
 h - an amulet of guardian spirit (around neck)
 k - a +4 ring of evasion (left hand)
Scrolls
 g - a scroll of silence {unknown}
 i - a scroll of identify {unknown}
 m - 3 scrolls of teleportation {unknown}
 q - a scroll of torment {unknown}
 r - a scroll of blinking {unknown}
Potions
 e - a potion of curing {unknown}
 f - 2 potions of mutation {unknown}
 j - a potion of berserk rage {unknown}
 l - a potion of cancellation {unknown}
 n - a potion of resistance
 p - a potion of attraction {unknown}


   Skills:
 + Level 4.2 Fighting
 * Level 4.0 Axes
 + Level 4.2 Armour
 + Level 5.1 Shields
 + Level 0.8 Invocations


You had 5 spell levels left.
You didn't know any spells.
Your spell library contained the following spells:

 Spells                   Type           Power      Damage    Failure   Level
 Sandblast                Erth           0%         2d4       80%         1
 Passwall                 Tmut/Erth      0%         N/A       90%         2
 Stone Arrow              Conj/Erth      0%         3d7       99%         3
 Animate Armour           Summ/Erth      0%         N/A       100%        4
 Cause Fear               Hex            0%         N/A       100%        4
 Dragon Form              Tmut           0%         N/A       100%        7
 Lehudib's Crystal Spear  Conj/Erth      0%         10d2      100%        8
 Dragon's Call            Summ           0%         N/A       100%        9


Dungeon Overview and Level Annotations

Branches:
Dungeon (4/15)
 Temple: D:4-7

Altars:
Hepliaklqana

Shops:
D:1 [


Innate Abilities, Weirdness & Mutations

You cannot be hasted, slowed, berserked, paralysed or teleported.
You can dig through walls and to a lower floor.
You have a pair of large antennae on your head. (SInv)
Your four strong arms can wield two-handed weapons with a shield.


Message History

You kill the gnoll!
The gnoll hits you but does no damage. The gnoll barely misses you.
Your Axes skill increases to level 4!
The gnoll closely misses you.
The gnoll hits you from afar with a +0 halberd.
You barely miss the gnoll. The gnoll barely misses you.
The gnoll hits you but does no damage. The gnoll hits you with a +0 halberd.
You block the gnoll's attack.
You barely miss the gnoll. The gnoll hits you with a +0 halberd!
* * * LOW HITPOINT WARNING * * *
The gnoll barely misses you.
You barely miss the gnoll. The gnoll barely misses you.
The gnoll closely misses you.
You closely miss the gnoll. You block the gnoll's attack. The gnoll misses you.
You block the gnoll's attack. The gnoll closely misses you.
You slash the gnoll!
The gnoll is heavily wounded.
The gnoll barely misses you. x2
You feel very mighty all of a sudden. The gnoll hits you with a +0 halberd.
* * * LOW HITPOINT WARNING * * *
The gnoll barely misses you.
You barely miss the gnoll.
The gnoll is heavily wounded.
The gnoll closely misses you. The gnoll misses you.
You barely miss the gnoll.
The gnoll is heavily wounded.
The gnoll barely misses you. x4
You closely miss the gnoll.
The gnoll is heavily wounded.
The gnoll closely misses you. x2
You closely miss the gnoll.
The gnoll is heavily wounded.
The gnoll hits you with a +0 halberd!
* * * LOW HITPOINT WARNING * * *
The gnoll closely misses you.
You closely miss the gnoll.
The gnoll is heavily wounded.
The gnoll hits you with a +0 halberd!
You die...

..########..##.#.#
..# #..##.#.# .##
#..##.#.# .#
#..##.#.# .#
##..##.#.######.#
##.>.##..........#
#......?.g..#
#....####g#.#
#.#.#####@#.#
...........#.#
..##.#.......#.# #
#.#.#####.#.# .
#.# #.#.# ## #.
#.#.# #.# ... #.#


You could see 2 gnolls.

Vanquished Creatures
  An orc wizard (D:3)
  Robin (D:2)
  5 gnolls
  4 adders (D:3)
  A worm (D:3)
  3 dart slugs
  4 orcs (D:3)
  6 ball pythons
  5 endoplasms
  4 giant cockroaches
  15 goblins
  5 hobgoblins (D:2)
  3 jackals (D:2)
  6 kobolds
  4 quokkas
  4 bats
  4 frilled lizards
  3 rats
78 creatures vanquished.

Notes
Turn   | Place    | Note
-------+----------+-------------------------------------------
     0 | D:1      | KennySheep the Formicid Fighter began the quest for the
                  | Orb.
     0 | D:1      | Reached XP level 1. HP: 18/18 MP: 1/1
   426 | D:1      | Reached XP level 2. HP: 24/24 MP: 2/2
   732 | D:1      | Found Qahah's Armour Boutique.
   963 | D:2      | Reached XP level 3. HP: 29/29 MP: 3/3
  1098 | D:2      | Identified the +9 short sword "Vinaebbi" {venom, Drain
                  | rElec rF++ Str+4}
  1358 | D:2      | Noticed Robin
  1392 | D:2      | Reached XP level 4. HP: 29/33 MP: 2/4
  1401 | D:2      | Killed Robin
  1499 | D:2      | Reached XP level 5. HP: 42/42 MP: 5/5
  1860 | D:3      | Found a hazy altar of Hepliaklqana.
  1868 | D:3      | Became a worshipper of Hepliaklqana the Forgotten
  1913 | D:3      | Reached skill level 5 in Shields
  2064 | D:3      | Reached XP level 6. HP: 48/48 MP: 6/6
  2402 | D:4      | Mangled by a gnoll

Illustrated notes

Levels and vault maps discovered:
D:1:      lightli_arrival_statuegarden, layout_loops_corners, serial_shops,
          nicolae_diamond_shop
D:2:      layout_basic, grunt_decor_resistance, minmay_vboxes, uniq_robin
D:3:      layout_loops_ring, lemuel_round_altar
D:4:      layout_loops_ring, led_sif_pool, kennysheep_minor_cross

Skill      XL: |  1  2  3  4  5  6 |
---------------+-------------------+-----
Axes           | 3 4 |  4.0
Armour         | 4 |  4.2
Fighting       | 4 |  4.2
Shields        | 5 |  5.1
Invocations    | |  0.8

Action                   |  1- 3 |  4- 6 || total
-------------------------+-------+-------++-------
Melee: War axe           |    74 |   147 ||   221
 Abil: Dig               |     1 |       ||     1
  Use: Potion            |       |     1 ||     1
 Stab: Distracted        |       |     1 ||     1
Armor: Scale mail        |    26 |    30 ||    56
Dodge: Dodged            |    27 |    98 ||   125
Block: Buckler           |    18 |    44 ||    62

Table legend: (Time is in decaauts)
 A = Elapsed time spent in this place.
 B = Non-inter-level travel time spent in this place.
 C = Inter-level travel time spent in this place.
 D = Time resting spent in this place.
 E = Time spent auto-exploring this place.
 F = Levels seen in this place.
 G = Mean time per level.
                   A        B        C        D        E       F      G
               +--------+--------+--------+--------+--------+-----+--------+
         Total |   2482 |   2412 |     70 |     46 |   1797 |   4 |  620.5 |
       Dungeon |   2482 |   2412 |     70 |     46 |   1797 |   4 |  620.5 |
               +--------+--------+--------+--------+--------+-----+--------+

Top non-repeatable levels by time:
     D:1: 857 daAuts
     D:2: 826 daAuts
     D:3: 726 daAuts
     D:4: 72 daAuts
